 Dungeon Crawl Stone Soup version 0.28-a0-577-gb193047a1f (webtiles) character file.

Game seed: 9292862796398535590

8311 robertstho the Thaumaturge (level 11, -11/83 HPs)
             Began as a Djinni Fire Elementalist on Oct 1, 2021.
             Was an Initiate of Gozag.
             Mangled by a catoblepas (16 damage)
             ... on level 9 of the Dungeon.
             The game lasted 00:18:34 (14613 turns).

robertstho the Thaumaturge (DjFE)                  Turns: 14613, Time: 00:18:35

Health: -11/83     AC:  8    Str: 11    XL:     11   Next: 53%
Gold:   75         EV:  6    Int: 19    God:    Gozag SH:  5 Dex: 15

rFire   + + .      SeeInvis +   B - +0 glaive (flame)
rCold   x . .      Faith    .   (shield currently unavailable)
rNeg    . . .      Spirit   .   C - +0 acid dragon scales
rPois   ∞          Reflect  +   (no helmet)
rElec   .          Harm     .   A - +0 cloak
rCorr   +          Rampage  .   (no gloves)
Will    +++..                   (boots unavailable)
Stlth   ++........              j - amulet of Zoacs {Reflect Will+ Str+4 SH+5 SInv}
HPRegen 0.23/turn               v - ring of willpower
MPRegen 0.00/turn               (no ring)

@: petrifying (expiring), flying, very slow
A: sickness immunity, fire resistance 2, cold vulnerability 1, float, innate
caster, hp casting, extra vitality 1, robust 1
a: Renounce Religion, Potion Petition, Call Merchant, Bribe Branch


You were on level 9 of the Dungeon.
You worshipped Gozag.
Gozag was noncommittal.
You visited 2 branches of the dungeon, and saw 10 of its levels.

You collected 2492 gold pieces.
You spent 941 gold pieces at shops.
You paid 1476 gold pieces to Gozag.

Inventory:

Hand Weapons
 b - a +0 dagger
 f - a +2 dagger of speed
 l - a +0 short sword of protection
 B - a +0 glaive of flaming (weapon)
Armour
 a - a +0 robe
 i - a +0 kite shield
 o - a +2 leather armour of fire resistance
 p - a +2 robe of cold resistance
 A - a +0 cloak (worn)
 C - +0 acid dragon scales (worn)
 D - a +0 buckler
Jewellery
 j - the amulet of Zoacs (around neck) {Reflect Will+ Str+4 SH+5 SInv}
   (You bought it in a shop on level 8 of the Dungeon)

   [amulet of reflection]

   It reflects blocked missile attacks.
   Str:       It affects your strength (+4).
   SInv:      It lets you see invisible.
   SH:        It affects your SH (+5).
   Will:      It increases your willpower.
 v - a ring of willpower (left hand)
Wands
 y - a wand of digging (8)
 E - a wand of flame (29)
 F - a wand of iceblast (15)
Scrolls
 c - 2 scrolls of torment
 d - 3 scrolls of fog
 e - 4 scrolls of immolation
 k - 2 scrolls of magic mapping
 n - 5 scrolls of amnesia {unknown}
 r - a scroll of holy word
 x - 2 scrolls of enchant weapon {unknown}
 J - a scroll of teleportation {unknown}
Potions
 g - a potion of heal wounds {unknown}
 h - 2 potions of lignification
 q - 4 potions of brilliance
 t - a potion of invisibility {unknown}
 u - 2 potions of mutation
 w - 3 potions of might {unknown}
 z - 3 potions of attraction {unknown}
 H - 3 potions of degeneration {unknown}
 I - a potion of magic {unknown}
 K - 2 potions of cancellation {unknown}


   Skills:
 * Level 5.8 Fighting
 + Level 2.1 Polearms
 + Level 4.0 Armour
 + Level 3.0 Dodging
 + Level 2.8 Stealth
 * Level 11.8 Spellcasting
 + Level 0.1 Evocations


You had 6 spell levels left.
You knew the following spells:

 Your Spells              Type           Power      Damage    Failure   Level
a - Foxfire               Conj/Fire      100%       2x1d9     1%          1
b - Scorch                Fire           100%       2d10      1%          2
c - Conjure Flame         Conj/Fire      54%        6-21      1%          3
d - Inner Flame           Hex/Fire       54%        N/A       1%          3
e - Flame Wave            Conj/Fire      54%        3d10      1%          4
f - Pain                  Necr           100%       1d9       1%          1
g - Blink                 Tloc           N/A        N/A       1%          2
h - Vampiric Draining     Necr           27%        2d9       1%          3
i - Summon Guardian Gole  Hex/Summ       54%        N/A       1%          3
j - Lee's Rapid Deconstr  Erth           27%        3d15*     1%          5
Your spell library was empty.

Dungeon Overview and Level Annotations

Branches:
Dungeon (9/15)             Temple (1/1) D:6            Lair (0/6) D:8
    Orc: D:9-12

Altars:
Ashenzari
Cheibriados
Dithmenos
Elyvilon
Fedhas
Gozag
Hepliaklqana
Kikubaaqudgha
Makhleb
Okawaru
Qazlal
Ru
Sif Muna
Trog
Uskayaw
Vehumet
Wu Jian
Xom
Yredelemnul
Zin
The Shining One

Shops:
D:1 *   D:8 *=


Innate Abilities, Weirdness & Mutations

You are immune to sickness and miasma.
You are immune to poison.
Your flesh is very heat resistant. (rF++)
You are vulnerable to cold. (rC-)
You float through the air rather than walking.
You learn spells naturally, not from books.
Your magical power is your life essence.
You have superior vitality. (+4 HP)
You are robust. (+10% HP)


Message History

You are engulfed in calcifying dust.
Your guardian golem is engulfed in calcifying dust.
The catoblepas gores you but does no damage.
You are engulfed in calcifying dust.
Your guardian golem is engulfed in calcifying dust.
The catoblepas breathes a plume of calcifying dust at you.
The blast of calcifying dust hits you.
The blast of calcifying dust hits your guardian golem but does no damage.
You are engulfed in calcifying dust.
Your guardian golem is engulfed in calcifying dust.
The catoblepas gores you.
You turn to flesh and can move again.
Unknown command.
Your guardian golem cannot move out of your way!
Unknown command.
Casting: Summon Guardian Golem (safe; 1% risk of failure)
Confirm with . or Enter, or press ? or * to list all spells.
Aiming: Lee's Rapid Deconstruction (dangerous; 1% risk of failure)
Press: ? - help, Dir - move target A rock wall.
The wall shatters!
The blast of rock fragments hits the catoblepas!
The catoblepas is heavily wounded.
* * * LOW HITPOINT WARNING * * *
You are engulfed in calcifying dust.
You are slowing down.
The catoblepas breathes a plume of calcifying dust at you.
The blast of calcifying dust hits you!
* * * LOW HITPOINT WARNING * * *
The blast of calcifying dust hits your guardian golem!
It was a potion of mutation.
You feel extremely strange.
You feel robust.
You are engulfed in calcifying dust.
Your limbs have turned to stone.
Your guardian golem is engulfed in calcifying dust.
The catoblepas gores you!
* * * LOW HITPOINT WARNING * * *
Your guardian golem is engulfed in calcifying dust.
The catoblepas gores you!!
You die...
Your body crumbles into a pile of gold.

###### #.#
#.# #.#
#.#
##.#####.#
#........#
#.########
#§# #.#
#9# #@#
#Y#
#######.#
........#
#######.#
#.# ...
... .....


You could see a catoblepas (ally target) and a friendly guardian golem
(summoned, petrified).

Vanquished Creatures
  A catoblepas (D:9)
  A centaur warrior (D:9)
  Pikel (D:5)
  A cyclops (D:9)
  Joseph (D:7)
  Maggie (D:7)
  A troll (D:9)
  A blink frog (shapeshifter) (D:9)
  A hornet (D:5)
  A wyvern (D:9)
  5 yaks (D:7)
  3 wargs (D:8)
  Edmund (D:4)
  5 water moccasins
  An orc warrior (D:7)
  2 sky beasts
  A black bear (D:6)
  3 ogres
  5 centaurs
  2 phantoms
  A bullfrog (D:7)
  A scorpion (D:6)
  A gnoll sergeant (D:8)
  15 killer bees
  2 howler monkeys
  A bullfrog zombie (D:6)
  A jelly (D:6)
  A gnoll shaman (D:5)
  5 hounds
  3 centaur zombies
  5 orc priests
  4 iguanas
  12 orc wizards
  A killer bee zombie (D:9)
  A hound skeleton (D:4)
  A mummy (D:8)
  A howler monkey zombie (D:7)
  12 gnolls
  8 adders
  A shadow imp (D:8)
  3 white imps
  An ufetubus (D:4)
  2 adder skeletons
  A worm (D:3)
  3 dart slugs
  32 orcs
  4 ball pythons
  7 bats
  5 endoplasms
  A giant cockroach (D:1)
  3 goblins
  3 hobgoblins
  3 jackals (D:4)
  2 quokkas
  3 frilled lizards
  12 kobolds
  2 kobold zombies (D:8)
  2 orc zombies (D:8)
  A quokka skeleton (D:4)
  7 rats
212 creatures vanquished.

Vanquished Creatures (others)
  191 foxfires
191 creatures vanquished.

Grand Total: 403 creatures vanquished

Notes
Turn   | Place    | Note
-------+----------+-------------------------------------------
     0 | D:1      | robertstho the Djinni Fire Elementalist began the quest for
                  | the Orb.
     0 | D:1      | Reached XP level 1. HP: 15/15 MP: 0/0
   495 | D:1      | Reached XP level 2. HP: 20/21 MP: 0/0
   810 | D:1      | Reached skill level 3 in Spellcasting
   920 | D:1      | Found Otisy's Assorted Antiques.
  1143 | D:1      | Reached XP level 3. HP: 21/25 MP: 0/0
  1143 | D:1      | Learned a level 1 spell: Pain
  1591 | D:2      | Reached skill level 1 in Fighting
  1804 | D:2      | Reached XP level 4. HP: 24/32 MP: 0/0
  3280 | D:3      | Found a faded altar of an unknown god.
  3281 | D:3      | Noticed a golden eye
  3284 | D:3      | Noticed an eye of devastation
  3284 | D:3      | Noticed an eye of devastation
  3284 | D:3      | Noticed a floating eye
  3792 | D:3      | Reached skill level 4 in Spellcasting
  3792 | D:3      | Reached XP level 5. HP: 13/37 MP: 0/0
  3792 | D:3      | Learned a level 2 spell: Blink
  4652 | D:4      | Reached XP level 6. HP: 30/42 MP: 0/0
  4966 | D:4      | Noticed Edmund
  5259 | D:4      | Killed Edmund
  5260 | D:4      | Reached skill level 5 in Spellcasting
  5552 | D:5      | Entered Level 5 of the Dungeon
  5555 | D:5      | Reached XP level 7. HP: 41/47 MP: 0/0
  5555 | D:5      | Learned a level 3 spell: Vampiric Draining
  6499 | D:5      | Reached skill level 6 in Spellcasting
  6518 | D:5      | Noticed Pikel
  6524 | D:5      | Killed Pikel
  6525 | D:5      | Reached skill level 1 in Armour
  6525 | D:5      | Reached skill level 7 in Spellcasting
  6525 | D:5      | Reached XP level 8. HP: 40/55 MP: 0/0
  6885 | D:5      | Noticed a hornet
  6893 | D:5      | Killed a hornet
  6920 | D:5      | Reached XP level 9. HP: 39/61 MP: 0/0
  6920 | D:5      | Learned a level 3 spell: Summon Guardian Golem
  7424 | D:5      | Reached skill level 8 in Spellcasting
  8228 | D:6      | Reached skill level 9 in Spellcasting
  8485 | D:6      | Found a staircase to the Ecumenical Temple.
  8494 | Temple   | Entered the Ecumenical Temple
  8561 | Temple   | Became a worshipper of Gozag Ym Sagoz the Greedy
  8879 | D:7      | Noticed Joseph
  8880 | D:7      | Reached XP level 10. HP: 35/68 MP: 0/0
  9090 | D:7      | Reached skill level 10 in Spellcasting
  9466 | D:7      | Killed Joseph
  9714 | D:7      | Noticed Maggie
  9724 | D:7      | Killed Maggie
 10588 | D:8      | Reached skill level 5 in Fighting
 11122 | D:8      | Reached skill level 11 in Spellcasting
 11570 | D:8      | Found a staircase to the Lair.
 11750 | D:8      | Reached XP level 11. HP: 73/76 MP: 0/0
 11750 | D:8      | Learned a level 5 spell: Lee's Rapid Deconstruction
 11949 | D:8      | Reached skill level 1 in Polearms
 13337 | D:9      | Noticed a cyclops
 13338 | D:9      | Noticed a centaur warrior
 13338 | D:9      | Noticed a catoblepas
 13338 | D:9      | Noticed a catoblepas
 13381 | D:8      | Bought 2 cyan potions for 55 gold pieces
 13381 | D:8      | Bought a scroll labelled FYCHUD AROMOJ for 31 gold pieces
 13381 | D:8      | Bought a bubbling emerald potion for 27 gold pieces
 13386 | D:8      | Acquired 1216 gold pieces
 13482 | D:9      | Killed a catoblepas
 13501 | D:9      | Killed a cyclops
 13906 | D:8      | Bought the amulet of Zoacs {Reflect Will+ Str+4 SH+5 SInv}
                  | for 828 gold pieces
 14302 | D:9      | Killed a centaur warrior
 14613 | D:9      | Gained mutation: You are robust. (+10% HP) [potion of
                  | mutation]
 14613 | D:9      | Mangled by a catoblepas

Illustrated notes

Levels and vault maps discovered:
D:1:      mrwooster_arrival_arrow, layout_loops_ring, serial_shops,
          nicolae_shop_overgrown_old_shop, minmay_bisected
D:2:      wad_pebble_path, layout_loops_ring
D:3:      layout_loops_corners, hellmonk_ecumenical_altar_watching_god,
          moated_statue, corexii_hall_statues_i
D:4:      layout_gridville, chequers_serial_rivers_micro_a, uniq_edmund
D:5:      layout_basic, uniq_pikel
D:6:      layout_basic, minmay_temple_entry_waves
D:7:      layout_basic, uniq_maggie, uniq_joseph
D:8:      layout_basic, erik_lair_orcish_takeover, minmay_mini_ossuary
D:9:      minmay_bloctagon_deflated, layout_basic
Temple:   dpeg_three_leaves_temple

Skill      XL: |  1  2  3  4  5  6  7  8  9 10 11 |
---------------+----------------------------------+-----
Spellcasting   | 3 4 5 7 9 11 | 11.8
Fighting       | 1 2 3 4 5 |  5.8
Armour         | 1 2 3 4 |  4.0
Stealth        | 2 |  2.8
Polearms       | 2 |  2.1
Dodging        | 3 |  3.0
Evocations     | |  0.1

Action                   |  1- 3 |  4- 6 |  7- 9 | 10-12 || total
-------------------------+-------+-------+-------+-------++-------
Melee: Dagger            |     4 |     5 |       |       ||     9
       Glaive            |       |       |       |    38 ||    38
       Short sword       |       |       |       |     1 ||     1
 Cast: Foxfire           |    25 |     4 |    19 |    62 ||   110
       Scorch            |    22 |    81 |    71 |    36 ||   210
       Pain              |       |     5 |       |       ||     5
       Blink             |       |     2 |       |       ||     2
       Flame Wave        |       |       |    10 |    22 ||    32
       Lee's Rapid Decon |       |       |       |    12 ||    12
       Summon Guardian G |       |       |       |     5 ||     5
Invok: Call Merchant     |       |       |       |     2 ||     2
Evoke: Wand              |       |       |       |     4 ||     4
  Use: Scroll            |       |     4 |       |     6 ||    10
       Potion            |       |       |       |     7 ||     7
 Stab: Sleeping          |       |       |       |     1 ||     1
Armor: Robe              |     3 |     4 |       |       ||     7
       Leather armour    |       |       |     7 |     3 ||    10
       Acid dragon scale |       |       |       |    25 ||    25
       Skin              |       |       |       |     2 ||     2
Dodge: Dodged            |    10 |    25 |    35 |    60 ||   130
Block: Other             |       |       |       |     1 ||     1
       Reflection        |       |       |       |     1 ||     1

Table legend: (Time is in decaauts)
 A = Elapsed time spent in this place.
 B = Non-inter-level travel time spent in this place.
 C = Inter-level travel time spent in this place.
 D = Time resting spent in this place.
 E = Time spent auto-exploring this place.
 F = Levels seen in this place.
 G = Mean time per level.
                   A        B        C        D        E       F      G
               +--------+--------+--------+--------+--------+-----+--------+
         Total |  14624 |  14230 |    394 |   1928 |  10951 |  10 | 1462.4 |
       Dungeon |  14543 |  14163 |    380 |   1928 |  10896 |   9 | 1615.9 |
        Temple |     80 |     67 |     13 |      0 |     55 |   1 |   80.0 |
               +--------+--------+--------+--------+--------+-----+--------+

Top non-repeatable levels by time:
     D:8: 2639 daAuts
     D:4: 2027 daAuts
     D:3: 1641 daAuts
     D:7: 1499 daAuts
     D:9: 1416 daAuts
     D:5: 1402 daAuts
     D:1: 1368 daAuts
     D:2: 1291 daAuts
     D:6: 1256 daAuts
  Temple: 80 daAuts
